 Dungeon Crawl Stone Soup version 0.22-a0-48-g8770677 (webtiles) character file.

255744 shenanigans the Warrior (level 19, -13/159 HPs)
             Began as a Barachi Skald on Jan 7, 2018.
             Was the Champion of Cheibriados.
             Mangled by Donald
             ... wielding a +1 eveningstar of flaming
              (16 damage)
             ... on level 1 of the Vaults.
             The game lasted 02:18:03 (34331 turns).

shenanigans the Warrior (Barachi Skald)            Turns: 34331, Time: 02:18:04

Health: -13/159    AC: 32    Str: 32    XL:     19   Next: 79%
Magic:  42/42      EV: 25    Int: 34    God:    Cheibriados [******]
Gold:   1971       SH: 30    Dex: 32    Spells: 7/38 levels left

rFire    . . .     SeeInvis .   c - +0 war axe of Discomfort {protect, rElec MR+ Str+3}
rCold    + . .     Gourm    .   l - +0 large shield
rNeg     + . .     Faith    .   L - +2 plate armour {rPois}
rPois    +         Spirit   .   C - +2 helmet "Cenuapn" {Regen+ MP+9}
rElec    +         Reflect  +   o - +1 cloak
rCorr    .         Harm     .   r - +2 pair of gloves
MR       ++...                  Z - +1 pair of boots
Stlth    ..........             W - +6 amulet of reflection
HPRegen  0.76/turn              I - ring "Jehaxkie" {rN+ EV+2 Dex+4}
MPRegen  0.28/turn              y - ring of protection from cold

@: very slow
A: +LOS, swims, slowness 1, sturdy frame 1, strong legs 2
}: 2/15 runes: barnacled, gossamer
a: Hop, Bend Time, Temporal Distortion, Slouch, Step From Time, Renounce
Religion


You were on level 1 of the Vaults.
You worshipped Cheibriados.
Cheibriados was exalted by your worship.
You were hungry.

You visited 9 branches of the dungeon, and saw 37 of its levels.

You collected 2931 gold pieces.
You spent 960 gold pieces at shops.

Inventory:

Hand Weapons
 a - the +0 eveningstar "Amuittoq" {flame, rPois MR++}
   (You found it on level 5 of the Lair of Beasts)

   It has been specially enchanted to burn those struck by it, causing extra
   injury to most foes and up to half again as much damage against particularly
   susceptible opponents.
   It protects you from poison.
   It affects your resistance to hostile enchantments.
 c - the +0 war axe of Discomfort (weapon) {protect, rElec MR+ Str+3}
   (You found it on level 9 of the Dungeon)

   It protects the one who uses it against injury (+AC on strike).
   It affects your strength (+3).
   It insulates you from electricity.
   It affects your resistance to hostile enchantments.
 x - a +3 broad axe
 z - the +3 trident of Perversion {pierce, rC- MP+9 Int+8}
   (You found it on level 2 of the Spider Nest)

   It inflicts extra damage upon your enemies.
   It affects your intelligence (+8).
   It makes you vulnerable to cold.
   It affects your magic capacity (+9).
Missiles
 v - 9 silver javelins (quivered)
Armour
 e - a +1 plate armour of cold resistance
 f - the +5 scale mail of Experimentation {Str+4 SInv}
   (You found it on level 6 of the Lair of Beasts)

   It affects your strength (+4).
   It lets you see invisible.
 l - a +0 large shield (worn)
 o - a +1 cloak (worn)
 r - a +2 pair of gloves (worn)
 C - the +2 helmet "Cenuapn" (worn) {Regen+ MP+9}
   (You found it on level 5 of the Dungeon)

   It affects your magic capacity (+9).
   It increases your rate of regeneration.
 J - the +5 plate armour "Losas" {Regen+ MP-9 Int-4 Dex+10}
   (You bought it in a shop on level 2 of the Orcish Mines)

   It affects your intelligence (-4).
   It affects your dexterity (+10).
   It affects your magic capacity (-9).
   It increases your rate of regeneration.
 L - a +2 plate armour of poison resistance (worn)
 Z - a +1 pair of boots (worn)
Jewellery
 b - an uncursed ring of resist corrosion
 h - an uncursed amulet of guardian spirit
 y - a ring of protection from cold (right hand)
 I - the ring "Jehaxkie" (left hand) {rN+ EV+2 Dex+4}
   (You took it off an orc on level 11 of the Dungeon)

   [ring of evasion]

   It affects your evasion (+2).
   It affects your dexterity (+4).
   It protects you from negative energy.
 O - an uncursed ring of magical power
 P - an uncursed ring of stealth
 W - a +6 amulet of reflection (around neck)
 X - an uncursed ring of poison resistance
Wands
 K - a wand of paralysis (10)
 N - a wand of acid (12)
 Q - a wand of clouds (6)
 T - a wand of digging (18)
 V - a wand of iceblast (32)
Scrolls
 i - 17 scrolls of identify
 j - 8 scrolls of amnesia
 m - 14 scrolls of teleportation
 u - a scroll of fear
 w - 5 scrolls of fog
 E - 15 scrolls of remove curse
 G - 7 scrolls of enchant armour
 M - a scroll of blinking
 U - a scroll of enchant weapon
Potions
 g - 4 potions of curing
 k - 7 potions of ambrosia
 p - 10 potions of brilliance
 q - a potion of resistance
 s - 2 potions of mutation
 t - 4 potions of flight
 A - 5 potions of agility
 B - 2 potions of haste
 D - 5 potions of lignification
 F - 2 potions of heal wounds
 H - a potion of magic
 R - 2 potions of berserk rage
 S - a potion of invisibility
Books
 n - a book of Annihilations

   Spells                             Type                      Level
   a - Poison Arrow                   Conjuration/Poison           6
   b - Chain Lightning                Conjuration/Air              8
   c - Lehudib's Crystal Spear        Conjuration/Earth            8
   d - Glaciate                       Conjuration/Ice              9
   e - Fire Storm                     Conjuration/Fire             9
 Y - the Grimoire of Cloudy Stones
   (You found it on level 4 of the Shoals)

   Spells                             Type                      Level
   a - Stone Arrow                    Conjuration/Earth            3
   b - Mephitic Cloud                 Conjuration/Poison/Air       3
   c - Lightning Bolt                 Conjuration/Air              5
   d - Tornado                        Air                          9
Comestibles
 d - 44 rations


   Skills:
 + Level 16.8 Fighting
 + Level 15.5 Axes
 + Level 16.7 Armour
 + Level 15.6 Dodging
 - Level 5.2 Stealth
 + Level 16.1 Shields
 + Level 10.4 Spellcasting
 + Level 3.2 Conjurations
 - Level 3.2 Charms
 + Level 3.1 Fire Magic
 + Level 3.4 Ice Magic
 - Level 5.2 Invocations


You had 7 spell levels left.
You knew the following spells:

 Your Spells              Type           Power        Failure   Level  Hunger
a - Infusion              Chrm           ####         7%          1    None
b - Blink                 Tloc           N/A          36%         2    None
c - Song of Slaying       Chrm           #####...     10%         2    None
d - Glaciate              Conj/Ice       #####.....   100%        9    #######
e - Fire Storm            Conj/Fire      #####.....   100%        9    #######
f - Lehudib's Crystal Sp  Conj/Erth      ####......   100%        8    #######


Dungeon Overview and Level Annotations

Branches:
Dungeon (15/15)            Temple (1/1) D:5            Lair (6/6) D:10
 Shoals (4/4) Lair:4       Spider (4/4) Lair:2        Slime (3/5) Lair:5
    Orc (2/2) D:12            Elf (1/3) Orc:2        Vaults (1/5) D:14
 Depths (0/5) D:15

Altars:
Ashenzari
Cheibriados
Dithmenos
Elyvilon
Fedhas
Gozag
Hepliaklqana
Kikubaaqudgha
Makhleb
Nemelex Xobeh
Okawaru
Qazlal
Ru
Sif Muna
Trog
Uskayaw
Vehumet
Wu Jian
Xom
Yredelemnul
Zin
The Shining One

Shops:
D:8 (   Orc:2 [[=(

Annotations:
D:3 Grinder
D:6 Jase's ghost, novice MiFi
Slime:3 Dissolution
Vaults:1 Donald


Innate Abilities, Weirdness & Mutations

Shadows flee at your approach. (+LOS)
You can swim through water.
You cover ground slowly.
You can hop long distances.
Your movements are slightly less encumbered by armour. (ER -2)


Message History

You block Donald's attack. x2
Donald blocks your attack.
Donald is almost dead.
Donald says, "I asked the warden where the rune was.
She slammed the door in my face."
Donald hits you with an eveningstar of flaming!
* * * LOW HITPOINT WARNING * * *
Donald burns you.
* * * LOW HITPOINT WARNING * * *
Wield which item (- for none, * to show all)? (? for menu, Esc to quit)
The +0 eveningstar "Amuittoq" {flame, rPois MR++} stops flaming.
The +0 war axe of Discomfort {protect, rElec MR+ Str+3} hums with potential!
c - the +0 war axe of Discomfort (weapon)
{protect, rElec MR+ Str+3} You are ready to hop once more.
Donald closely misses you. Donald blocks your attack.
Donald is severely wounded.
Donald hits you with an eveningstar of flaming!!!
* * * LOW HITPOINT WARNING * * *
Donald burns you!
You die...

#.....# #.....# #.....#
#.....# #.....#######+##
.#+#######.....#.........
...............#.........
...............'.........
........@@(....#.........
...............#.........
#+##########'###.........
#".......#########'
#........# #........#
#........# #........#
#........#


You could see Donald.

Vanquished Creatures
  Nikola (Shoals:2)
  5 acid blobs
  2 sphinxes
  Gastronok (D:11)
  Ilsuiw (Shoals:4)
  3 azure jellies
  A deep elf sorcerer (Elf:1)
  2 ghost moths (Spider:4)
  A vault warden (Vaults:1)
  9 emperor scorpions
  An ironheart preserver (Vaults:1)
  A deep elf demonologist (Elf:1)
  8 entropy weavers
  A dire elephant (D:15)
  The ghost of shenanigans the Fighter, a journeyman BaSk of Cheibriados (Orc:1)
  4 merfolk javelineers (Shoals:4)
  12 merfolk impalers
  Josephine (D:15)
  A fire dragon (Lair:6)
  A great orb of eyes (D:15)
  Erolcha (Orc:2)
  3 vault guards
  7 merfolk aquamancers
  5 merfolk avatars
  3 hydras
  2 catoblepae
  3 centaur warriors
  4 two-headed ogres
  A death knight (D:15)
  3 tengu warriors (D:15)
  3 dancing weapons (Elf:1)
  3 deep elf knights
  Urug (D:11)
  Nergalle (Lair:1)
  The ghost of CuddlesCardenas the Carver, a novice MiFi (D:9)
  9 sea snakes
  2 unseen horrors
  A fire crab (shapeshifter) (D:14)
  A swamp dragon (Lair:6)
  A swamp dragon (shapeshifter) (D:14)
  A wizard (Vaults:1)
  3 ironbrand convokers (D:14)
  A deep elf archer (Elf:1)
  4 orc knights
  A wolf spider zombie (D:15)
  25 orb spiders
  9 harpies (Shoals:4)
  11 manticores
  31 wolf spiders
  4 fauns
  A shining eye (Slime:1)
  14 ugly things
  2 cyclopes
  9 deep elf magi
  A salamander (D:15)
  2 moths of wrath
  4 orc sorcerers
  6 merfolk sirens
  A guardian serpent (Lair:6)
  15 black mambas
  Psyche (D:11)
  10 water nymphs
  A torpor snail (Spider:3)
  2 centaur zombies
  18 spiny frogs
  7 rime drakes
  7 komodo dragons
  3 yaktaurs (D:15)
  18 demonic crawlers
  A kobold demonologist (D:12)
  8 trolls
  27 merfolk
  4 meliai
  26 jumping spiders
  2 polar bears (Lair:3)
  12 hippogriffs
  5 wind drakes
  A harpy skeleton (D:15)
  5 hornets
  32 slime creatures
  4 blink frogs (Lair:2)
  3 dream sheep (Shoals:1)
  11 snapping turtles
  2 shadows
  129 redbacks
  2 air elementals (Elf:1)
  9 water elementals
  40 tarantellas
  6 wraiths
  15 wyverns
  2 vampires
  Grum (D:11)
  5 basilisks
  A hungry ghost (D:15)
  A steam dragon (Lair:6)
  29 yaks
  6 golden eyes (Slime:1)
  13 vampire mosquitoes
  2 wargs (Orc:2)
  25 water moccasins
  An acid dragon (Lair:6)
  8 porcupines
  6 sky beasts
  4 ice beasts
  44 orc warriors
  2 swamp drakes (Lair:6)
  6 eyes of draining
  An eye of draining (shapeshifter) (D:13)
  A necrophage (D:11)
  A phantom (D:10)
  7 ogres
  8 wolves
  12 centaurs
  16 crocodiles
  3 big kobolds
  Blork the orc (D:5)
  14 bullfrogs
  A wyvern zombie (D:12)
  A wyvern skeleton (D:6)
  2 scorpions
  19 wights
  An electric eel (D:10)
  4 howler monkeys
  5 crimson imps
  4 bullfrog zombies
  A quasit (D:9)
  13 hounds
  20 jellies
  20 orc priests
  A bullfrog skeleton (D:13)
  5 centaur skeletons
  3 iguanas
  18 orc wizards
  16 worker ants
  A hound zombie (D:6)
  2 hound skeletons (D:9)
  A howler monkey skeleton (D:11)
  10 adders
  2 shadow imps
  A white imp (Spider:1)
  An ooze (D:5)
  An adder skeleton (D:4)
  An adder zombie (D:5)
  4 worms
  2 dart slugs (D:1)
  6 leopard geckos
  67 orcs
  2 giant cockroaches
  9 goblins
  11 hobgoblins
  5 jackals
  2 quokkas
  A ball python (D:3)
  A ball python skeleton (D:4)
  12 bats
  7 frilled lizards
  19 kobolds
  A quokka skeleton (D:7)
  5 rats
  2 plants (Shoals:4)
1198 creatures vanquished.

Vanquished Creatures (collateral kills)
  An emperor scorpion (Spider:4)
1 creature vanquished.

Vanquished Creatures (others)
  A ghost moth (Spider:4)
  6 merfolk javelineers
  A centaur warrior (D:14)
  2 satyrs (Shoals:4)
  A merfolk avatar (Shoals:2)
  2 deep elf knights (Elf:1)
  2 harpies (Shoals:4)
  A deep elf archer (Elf:1)
  A wolf spider (Spider:3)
  4 fauns (Shoals:1)
  A cyclops (Shoals:1)
  A kobold demonologist (D:14)
  2 yaktaurs (D:15)
  A water elemental (Shoals:2)
  3 orc warriors (Orc:2)
  7 centaurs
  2 orcs
  10 fungi
  86 plants
134 creatures vanquished.

Grand Total: 1333 creatures vanquished

Notes
Turn   | Place    | Note
-------+----------+-------------------------------------------
     0 | D:1      | shenanigans the Barachi Skald began the quest for the Orb.
     0 | D:1      | Reached XP level 1. HP: 17/17 MP: 3/3
   127 | D:1      | Reached XP level 2. HP: 16/23 MP: 5/5
   458 | D:1      | Reached XP level 3. HP: 23/28 MP: 3/6
  1070 | D:2      | Reached XP level 4. HP: 28/35 MP: 3/7
  1115 | D:2      | Found a shadowy altar of Dithmenos.
  1996 | D:3      | Reached XP level 5. HP: 41/41 MP: 8/8
  2177 | D:3      | Noticed Grinder
  2642 | D:4      | Reached skill level 1 in Shields
  2889 | D:4      | Got an ebony dagger
  3065 | D:4      | Got a bloodstained flail
  3122 | D:4      | Reached XP level 6. HP: 48/48 MP: 9/9
  3367 | D:4      | Learned a level 2 spell: Blink
  3370 | D:4      | Learned a level 2 spell: Song of Slaying
  3377 | D:5      | Entered Level 5 of the Dungeon
  3485 | D:5      | Found a staircase to the Ecumenical Temple.
  3529 | Temple   | Entered the Ecumenical Temple
  3774 | Temple   | Became a worshipper of Cheibriados the Contemplative
  3875 | D:5      | Found a shattered altar of Ashenzari.
  3993 | D:5      | Found a sparkling altar of Nemelex Xobeh.
  3996 | D:5      | Got a smoking helmet
  4606 | D:4      | Identified the +2 helmet "Cenuapn" {Regen+ MP+9} (You found it on level 5 of the Dungeon)
  4732 | D:5      | Reached XP level 7. HP: 55/55 MP: 10/10
  4794 | D:5      | Identified the +2 flail "Fogodyig" {venom, rElec rF- rC+} (You found it on level 4 of the Dungeon)
  4942 | D:6      | Reached skill level 1 in Invocations
  5102 | D:6      | Noticed Jase's ghost (novice MiFi)
  5266 | D:6      | Reached * piety under Cheibriados
  5269 | D:6      | Noticed Blork the orc
  5364 | D:5      | Reached skill level 5 in Fighting
  5364 | D:5      | Reached XP level 8. HP: 62/62 MP: 11/11
  5419 | D:5      | Killed Blork the orc
  5637 | D:6      | Reached skill level 5 in Axes
  5637 | D:6      | Reached skill level 5 in Armour
  5637 | D:6      | Reached skill level 5 in Dodging
  5637 | D:6      | Reached skill level 5 in Shields
  6237 | D:7      | Reached ** piety under Cheibriados
  6272 | D:7      | Noticed a two-headed ogre
  6281 | D:7      | Killed a two-headed ogre
  6281 | D:7      | Reached XP level 9. HP: 43/69 MP: 10/12
  7094 | D:8      | Found an opulent altar of Gozag.
  7503 | D:8      | Found Kicworr's Weapon Emporium.
  7657 | D:9      | Noticed CuddlesCardenas's ghost (novice MiFi)
  7670 | D:9      | Reached *** piety under Cheibriados
  7724 | D:9      | Reached XP level 10. HP: 69/79 MP: 13/13
  7783 | D:9      | Got a crude war axe
  7784 | D:9      | Identified the cursed +0 war axe of Discomfort {protect, rElec MR+ Str+3} (You found it on level 9 of the Dungeon)
  8072 | D:9      | Killed CuddlesCardenas's ghost
  8268 | D:9      | Reached **** piety under Cheibriados
  8342 | D:10     | Entered Level 10 of the Dungeon
  8446 | D:10     | Noticed a two-headed ogre
  8485 | D:10     | Killed a two-headed ogre
  8485 | D:10     | Reached skill level 5 in Invocations
  8529 | D:10     | Reached XP level 11. HP: 86/86 MP: 14/14
  8533 | D:10     | Found a staircase to the Lair.
  8567 | D:10     | Noticed a red ugly thing
  8590 | D:10     | Killed a red ugly thing
  8594 | D:10     | Reached ***** piety under Cheibriados
  9137 | D:10     | Noticed a two-headed ogre
  9147 | D:10     | Killed a two-headed ogre
  9387 | D:10     | Killed an unseen horror
  9763 | D:11     | Noticed Gastronok
  9836 | D:11     | Killed Gastronok
  9896 | D:11     | Noticed Grum
  9904 | D:11     | Killed Grum
  9904 | D:11     | Reached skill level 10 in Shields
  9921 | D:11     | Got a slimy marble ring
  9953 | D:11     | Found a radiant altar of Vehumet.
  9972 | D:11     | Reached XP level 12. HP: 96/96 MP: 5/15
  9982 | D:11     | Noticed a centaur warrior
  9987 | D:11     | Noticed Urug
  9989 | D:11     | Killed a centaur warrior
  9999 | D:11     | Killed Urug
 10175 | D:11     | Reached skill level 10 in Fighting
 10190 | D:11     | Noticed Psyche
 10195 | D:11     | Killed Psyche
 10413 | D:11     | Noticed a centaur warrior
 10428 | D:11     | Killed a centaur warrior
 10428 | D:11     | Reached ****** piety under Cheibriados
 10428 | D:11     | Reached skill level 10 in Armour
 11004 | D:10     | Identified the ring "Jehaxkie" {rN+ EV+2 Dex+4} (You took it off an orc on level 11 of the Dungeon)
 11007 | Lair:1   | Entered Level 1 of the Lair of Beasts
 11039 | Lair:1   | Identified the +8 dagger of Wyrd {vamp, *Slow rPois rF+ Str+4} (You found it on level 4 of the Dungeon)
 11416 | Lair:1   | Noticed Nergalle
 11426 | Lair:1   | Killed Nergalle
 11501 | Lair:1   | Reached skill level 10 in Dodging
 11753 | Lair:2   | Reached skill level 10 in Axes
 11916 | Lair:2   | Gained mutation: You can hop long distances. [Barachi growth]
 11916 | Lair:2   | Reached XP level 13. HP: 105/105 MP: 16/16
 11952 | Lair:2   | Found the +8 whip "Snakebite" {curare, rPois}
 12391 | Lair:2   | Reached skill level 1 in Stealth
 12395 | Lair:2   | Found a hole to the Spider Nest.
 13764 | Lair:4   | Found a staircase to the Shoals.
 14033 | Lair:5   | Found a staircase to the Slime Pits.
 14283 | Lair:5   | Got a polished eveningstar
 14294 | Lair:5   | Identified the cursed +0 eveningstar "Amuittoq" {flame, rPois MR++} (You found it on level 5 of the Lair of Beasts)
 14774 | Lair:6   | Entered Level 6 of the Lair of Beasts
 15052 | Lair:6   | Reached XP level 14. HP: 105/115 MP: 17/17
 15833 | Lair:6   | Reached skill level 5 in Stealth
 16146 | Lair:6   | Got a jade-encrusted scale mail
 16157 | Lair:6   | Identified the +5 scale mail of Experimentation {Str+4 SInv} (You found it on level 6 of the Lair of Beasts)
 16797 | D:12     | Found a staircase to the Orcish Mines.
 17043 | Orc:1    | Entered Level 1 of the Orcish Mines
 17437 | Orc:1    | Noticed shenanigans's ghost (journeyman BaSk)
 17476 | Orc:1    | Killed shenanigans's ghost
 17617 | Orc:2    | Entered Level 2 of the Orcish Mines
 17735 | Orc:2    | Found a staircase to the Elven Halls.
 17968 | Orc:2    | Noticed Erolcha
 17992 | Orc:2    | Killed Erolcha
 18256 | Orc:2    | Reached XP level 15. HP: 123/123 MP: 18/18
 18333 | Orc:2    | Found Cicor's Antique Armour Shoppe.
 18333 | Orc:2    | Found Qexkavyz's Jewellery Boutique.
 18333 | Orc:2    | Found Gyomol's Weapon Shop.
 18336 | Orc:2    | Found Junlobul's Antique Armour Emporium.
 18348 | Orc:2    | Bought an encrusted plate armour for 700 gold pieces
 18361 | Orc:2    | Identified the +5 plate armour "Losas" {Regen+ MP-9 Int-4 Dex+10} (You bought it in a shop on level 2 of the Orcish Mines)
 20207 | D:14     | Found a gate to the Vaults.
 20308 | D:15     | Entered Level 15 of the Dungeon
 20914 | D:15     | Found a staircase to the Depths.
 21010 | D:15     | Noticed Josephine
 21059 | D:15     | Killed Josephine
 21627 | Spider:1 | Entered Level 1 of the Spider Nest
 21688 | Spider:1 | Reached skill level 5 in Spellcasting
 21704 | Spider:1 | Reached XP level 16. HP: 132/132 MP: 23/23
 21889 | Spider:1 | Identified a scroll of acquirement
 23709 | Spider:2 | Got a pitted trident
 23710 | Spider:2 | Identified the cursed +3 trident of Perversion {pierce, rC- MP+9 Int+8} (You found it on level 2 of the Spider Nest)
 24978 | Spider:3 | Reached XP level 17. HP: 139/140 MP: 27/27
 25693 | Spider:4 | Entered Level 4 of the Spider Nest
 25764 | Spider:4 | Reached skill level 15 in Fighting
 25809 | Spider:4 | Reached skill level 15 in Armour
 26800 | Spider:4 | Got a gossamer rune of Zot
 27110 | Spider:4 | Reached skill level 15 in Shields
 27619 | Shoals:1 | Entered Level 1 of the Shoals
 27639 | Shoals:1 | Reached XP level 18. HP: 119/149 MP: 30/30
 28487 | Shoals:2 | Noticed Nikola
 28511 | Shoals:2 | Killed Nikola
 29428 | Shoals:3 | Learned a level 9 spell: Glaciate
 29438 | Shoals:3 | Learned a level 9 spell: Fire Storm
 29447 | Shoals:3 | Learned a level 8 spell: Lehudib's Crystal Spear
 29975 | Shoals:4 | Entered Level 4 of the Shoals
 29992 | Shoals:4 | Noticed Ilsuiw
 30043 | Shoals:4 | Reached skill level 15 in Dodging
 30068 | Shoals:4 | Reached skill level 15 in Axes
 30362 | Shoals:4 | Got a barnacled rune of Zot
 30502 | Shoals:4 | Killed Ilsuiw
 30677 | Shoals:4 | Reached XP level 19. HP: 158/158 MP: 32/32
 31072 | Shoals:4 | Reached skill level 10 in Spellcasting
 31182 | Shoals:4 | Identified the Grimoire of Cloudy Stones
 31597 | Elf:1    | Entered Level 1 of the Elven Halls
 31729 | Elf:1    | Reached skill level 1 in Ice Magic
 31758 | Elf:1    | Reached skill level 1 in Conjurations
 31758 | Elf:1    | Reached skill level 1 in Fire Magic
 31944 | Elf:1    | Noticed an Ice Fiend
 31946 | Elf:1    | Noticed a Brimstone Fiend
 31971 | Elf:1    | Noticed a Hell Sentinel
 32216 | Vaults:1 | Entered Level 1 of the Vaults
 32770 | Slime:1  | Entered Level 1 of the Pits of Slime
 33068 | Orc:2    | Bought an uncursed ring of resist corrosion for 260 gold pieces
 33395 | Slime:1  | Gained mutation: Your movements are slightly less encumbered by armour. (ER -2) [a shining eye]
 33807 | Slime:3  | Noticed Dissolution
 34273 | Vaults:1 | Noticed Donald
 34331 | Vaults:1 | HP: 3/159 [Donald/eveningstar of flaming (40)]
 34331 | Vaults:1 | Mangled by Donald

Vault maps used:
D:1:      minmay_arrival_cross
D:2:      nicolae_dithmenos_shadow_blocks, nicolae_underground_beach
D:3:      grunt_decor_cap, uniq_grinder
D:4:      minmay_misc_feat_cross
D:5:      kennysheep_mini, lemuel_coloured_pillars_altar, temple_statues,
          first_ration
D:6:      uniq_blork_the_orc
D:8:      old_standard_altar, serial_shops, nicolae_shop_behind_doors
D:10:     erik_lair_island
D:11:     minmay_the_grid_plus_closed, basic_altar, uniq_psyche, uniq_gastronok,
          uniq_grum, uniq_urug
D:12:     david_orc_3, portal_ice_cave_entry_pillars_2
D:14:     david_vaults_5, infiniplex_staircase_river
D:15:     hangedman_depths_entry_try_elsewhere_first, hangedman_decor_push,
          uniq_josephine
Temple:   dpeg_five_rooms_temple
Lair:1:   uniq_nergalle
Lair:2:   minmay_guarded_unrand_snakebite, spider_nest_entry_funnel_web,
          minivault_11, st_stairs_8
Lair:3:   grunt_megastairs_2
Lair:4:   shoals_dummy_entry, lemuel_fruit_tree
Lair:5:   minmay_slime_entry_jelly_boxes
Lair:6:   hangedman_lair_tendril_chambers, guppyfry_lair_end_dragon,
          minivault_23
Shoals:1: nicolae_shoals_square_sea_wall
Shoals:2: uniq_nikola
Shoals:3: st_sunken_temple
Shoals:4: shoals_end_hangedman, shoals_ilsuiw_ice, ldierk_geyser
Spider:1: nicolae_crawler_farm
Spider:4: grunt_spider_rune_circles, guppyfry_spider_mini_2
Slime:3:  dissolution_awaits
Orc:2:    st_orc_rangers, uniq_erolcha
Elf:1:    minivault_28, small_statue_intersection
Vaults:1: vaults_room_stairs_pillars, v_misc_4, v_misc_28, grunt_vaults_twisty,
          hangedman_vaults_stitches, ontoclasm_vaults_ring_large, v_misc_8,
          v_misc_2, vaults_mumra_minichess, nicolae_vaults_little_squares_4,
          nicolae_vaults_angled_halls, vaults_room_hangedman_quadrants,
          nicolae_vaults_little_squares_2, uniq_donald

Skill      XL: |  1  2  3  4  5  6  7  8  9 10 11 12 13 14 15 16 17 18 19 |
---------------+----------------------------------------------------------+-----
Armour         | 2 3 4 5 6 7 9 10 11 12 13 14 15 16 | 16.7
Fighting       | 3 4 5 6 7 8 9 10 12 13 14 15 16 | 16.8
Axes           | 3 4 5 6 7 8 10 11 12 13 14 15 | 15.5
Dodging        | 3 4 5 6 7 8 10 11 12 13 14 15 | 15.6
Shields        | 1 2 4 6 7 8 10 11 12 13 14 15 16 | 16.1
Invocations    | 1 3 4 5 |  5.2
Stealth        | 3 5 |  5.2
Spellcasting   | 5 6 8 9 10 | 10.4
Ice Magic      | 3 |  3.4
Conjurations   | 3 |  3.2
Fire Magic     | 3 |  3.1
Charms         | |  3.2

Action                   |  1- 3 |  4- 6 |  7- 9 | 10-12 | 13-15 | 16-18 | 19-21 || total
-------------------------+-------+-------+-------+-------+-------+-------+-------++-------
Melee: Hand axe          |   118 |    43 |       |       |       |       |       ||   161
       Broad axe         |       |   107 |       |       |       |       |       ||   107
       Trident           |       |   259 |    19 |       |       |       |       ||   278
       Flail             |       |       |   362 |   711 |   245 |       |       ||  1318
       War axe           |       |       |       |   190 |  1077 |  2114 |   519 ||  3900
       Eveningstar       |       |       |       |       |   470 |   107 |    29 ||   606
Throw: Javelin           |       |     3 |     2 |       |       |    24 |     3 ||    32
 Cast: Infusion          |     5 |     2 |       |       |       |       |       ||     7
 Abil: Hop               |     1 |     2 |     4 |     2 |     4 |     8 |     4 ||    25
Evoke: Wand              |       |       |       |       |     1 |       |     3 ||     4
  Use: Scroll            |     3 |    12 |     9 |     7 |     9 |     8 |     2 ||    50
       Potion            |     1 |     1 |       |       |     1 |     1 |     7 ||    11
 Stab: Distracted        |       |       |       |       |     1 |       |     1 ||     2
  Eat: Chunk             |     1 |    10 |     8 |    10 |    23 |    13 |     5 ||    70
       Ration            |       |     1 |       |       |     1 |     3 |     1 ||     6
Armor: Leather armour    |    43 |    11 |       |       |       |       |       ||    54
       Ring mail         |       |   111 |       |       |       |       |       ||   111
       Scale mail        |       |    94 |   120 |       |       |       |       ||   214
       Plate armour      |       |       |   156 |   373 |   545 |   821 |   140 ||  2035
Dodge: Dodged            |   111 |   139 |   111 |   244 |  1009 |  1855 |   270 ||  3739
Block: Large shield      |       |   199 |   418 |   948 |  2666 |  4334 |   713 ||  9278
       Reflection        |       |       |       |       |    66 |   119 |    45 ||   230

Table legend:
 A = Spawn XP
 B = Non-spawn XP
 C = Spawn XP percentage of total XP
 D = Spawn monster count
 E = Non-spawn monster count
 F = Spawn count percentage of total count
 G = Total turns spent on level
                    A         B        C        D         E        F      G
               +---------+---------+-------+---------+---------+-------+---------
         Total |       0 |  381861 |   0.0 |       0 |    1233 |   0.0 | 34331
               +---------+---------+-------+---------+---------+-------+---------
           D:1 |       0 |      67 |   0.0 |       0 |      30 |   0.0 |  1010
           D:2 |       0 |      28 |   0.0 |       0 |      14 |   0.0 |   597
           D:3 |       0 |      77 |   0.0 |       0 |      19 |   0.0 |   845
           D:4 |       0 |     211 |   0.0 |       0 |      14 |   0.0 |  1040
           D:5 |       0 |     499 |   0.0 |       0 |      14 |   0.0 |  1492
           D:6 |       0 |    1078 |   0.0 |       0 |      18 |   0.0 |   696
           D:7 |       0 |    1947 |   0.0 |       0 |      26 |   0.0 |   939
           D:8 |       0 |     267 |   0.0 |       0 |       8 |   0.0 |   735
           D:9 |       0 |    3115 |   0.0 |       0 |      27 |   0.0 |   707
          D:10 |       0 |    6418 |   0.0 |       0 |      55 |   0.0 |  1590
          D:11 |       0 |   12306 |   0.0 |       0 |      62 |   0.0 |  1544
          D:12 |       0 |    4318 |   0.0 |       0 |      34 |   0.0 |   969
          D:13 |       0 |    4934 |   0.0 |       0 |      33 |   0.0 |   837
          D:14 |       0 |   18655 |   0.0 |       0 |      42 |   0.0 |  1216
          D:15 |       0 |   19632 |   0.0 |       0 |      48 |   0.0 |  1062
        Lair:1 |       0 |    4153 |   0.0 |       0 |      18 |   0.0 |   952
        Lair:2 |       0 |    7593 |   0.0 |       0 |      25 |   0.0 |   965
        Lair:3 |       0 |    3849 |   0.0 |       0 |      16 |   0.0 |   893
        Lair:4 |       0 |    4110 |   0.0 |       0 |      25 |   0.0 |   895
        Lair:5 |       0 |    5239 |   0.0 |       0 |      23 |   0.0 |   842
        Lair:6 |       0 |   20785 |   0.0 |       0 |      73 |   0.0 |  1354
      Shoals:1 |       0 |   13982 |   0.0 |       0 |      29 |   0.0 |   783
      Shoals:2 |       0 |   15650 |   0.0 |       0 |      30 |   0.0 |   829
      Shoals:3 |       0 |   11140 |   0.0 |       0 |      17 |   0.0 |   805
      Shoals:4 |       0 |   46078 |   0.0 |       0 |      76 |   0.0 |  1283
      Spider:1 |       0 |   22783 |   0.0 |       0 |      70 |   0.0 |  1233
      Spider:2 |       0 |   17820 |   0.0 |       0 |      57 |   0.0 |  1496
      Spider:3 |       0 |   25789 |   0.0 |       0 |      61 |   0.0 |  1582
      Spider:4 |       0 |   48289 |   0.0 |       0 |     106 |   0.0 |  1589
       Slime:1 |       0 |   18105 |   0.0 |       0 |      30 |   0.0 |   388
       Slime:2 |       0 |    6910 |   0.0 |       0 |       7 |   0.0 |   210
         Orc:1 |       0 |    3979 |   0.0 |       0 |      22 |   0.0 |   703
         Orc:2 |       0 |    9823 |   0.0 |       0 |      76 |   0.0 |  1355
         Elf:1 |       0 |   13854 |   0.0 |       0 |      20 |   0.0 |   404
      Vaults:1 |       0 |    8378 |   0.0 |       0 |       8 |   0.0 |   205
               +---------+---------+-------+---------+---------+-------+---------
